Map: Ephemeron LE

Players

Cuddlebear

  • Race: Terran Terran
  • Spawn Location: 11:00

Zanster - Winner!

  • Race: Zerg Zerg
  • Spawn Location: 5:00

VOD

Have the link to the VOD?

Description

Time

  • Played on: Sept. 6, 2019, 2:01 p.m.
  • Length: 10:42
Show
View Real Time Build Order
Export as new Build Order

Cuddlebear Terran 

Build Orders: Reaper Expand 

Get SALT Encoding   

  12  0:01  SCV  
  13  0:13  SCV  
  14  0:17  Supply Depot  
  14  0:25  SCV  
  15  0:39  Barracks, SCV  
  16  0:45  Refinery  
  16  0:51  SCV  
  17  1:03  SCV  
  18  1:15  SCV  
  19  1:29  Orbital Command, Reaper  
  20  1:40  Command Center  
  20  1:49  Supply Depot  
  21  1:54  SCV  
  21  2:01  Marine  
  21  2:07  Factory  
  22  2:10  SCV  
  23  2:18  Refinery  
  23  2:23  Barracks Reactor  
  23  2:24  SCV  
  24  2:36  SCV  
  25  2:45  Command Center  
  25  2:48  SCV  
  26  2:55  Orbital Command  
  26  3:00  SCV  
  27  3:07  Hellion, Barracks Tech Lab  
  27  3:10  Hellion  
  31  3:16  SCV  
  32  3:23  SCV  
  33  3:28  SCV, Stimpack  
  33  3:30  Hellion  
  33  3:31  Hellion  
  38  3:34  Marine  
  38  3:36  SCV  
  38  3:40  SCV  
  41  3:48  SCV  
  42  3:52  SCV  
  42  3:54  Barracks  
  42  3:55  Barracks  
  43  3:58  Orbital Command  
  43  4:00  SCV, Factory Reactor  
  43  4:02  Refinery  
  44  4:04  SCV  
  44  4:08  Supply Depot  
  45  4:10  Marine  
  45  4:12  SCV  
  45  4:13  Refinery  
  45  4:16  SCV  
  48  4:25  SCV x2  
  48  4:28  SCV  
  51  4:32  Marine  
  51  4:35  Starport  
  51  4:37  SCV x2  
  54  4:41  Marine x2, SCV  
  54  4:42  Barracks  
  54  4:43  Barracks  
  56  4:49  SCV x2  
  56  4:52  Marine  
  59  4:53  Marine  
  59  4:55  SCV  
  59  4:58  Marine, Refinery  
  59  4:59  Supply Depot  
  62  5:01  Factory Tech Lab, SCV x2  
  62  5:06  Engineering Bay  
  64  5:07  SCV  
  64  5:08  Engineering Bay  
  64  5:09  Marine  
  64  5:12  Combat Shield  
  64  5:13  SCV  
  67  5:14  Starport Reactor  
  67  5:15  Marine x2  
  67  5:21  Siege Tank, SCV  
  73  5:28  Marine x2  
  75  5:29  SCV x2  
  77  5:39  Barracks Reactor x2  
  77  5:41  Terran Infantry Weapons Level 1  
  77  5:42  Supply Depot  
  77  5:44  Terran Infantry Armor Level 1  
  77  5:45  Marine x3  
  77  5:46  Marine x2  
  82  5:57  Siege Tank, Medivac  
  82  6:03  Marine x2  
  89  6:06  Medivac  
  89  6:07  Orbital Command  
  89  6:11  Supply Depot x2  
  91  6:12  Marine x2  
  91  6:13  Marine  
  94  6:18  Marine  
  94  6:19  Marine  
  94  6:20  Marine x2  
  94  6:21  Marine x2  
  100  6:30  Marine, Armory  
  100  6:32  Marine x2, Siege Tank  
  106  6:35  Medivac  
  106  6:36  Marine  
  109  6:42  Marine  
  109  6:45  Missile Turret  
  109  6:46  Marine  
  108  6:47  Marine, Missile Turret  
  108  6:50  Marine  
  105  6:54  Marine  
  105  6:57  Marine x4  
  87  7:09  Marine x2  
  87  7:10  Marine x2  
  87  7:12  Marine, Medivac  
  87  7:15  Marine x2  
  96  7:18  Medivac  
  94  7:25  Marine x2  
  94  7:27  Marine x2  
  94  7:29  Marine  
  90  7:31  Marine x2  
  90  7:33  Marine x2  
  90  7:36  SCV  
  89  7:42  Marine  
  90  7:46  Marine  
  90  7:47  Marine x3  
  90  7:49  Marine  
  95  7:53  Siege Tank  
  95  7:56  Marine x2  
  95  8:06  Marine x4  
  95  8:11  Marine  
  100  8:13  Marine x2  
  100  8:14  Marine, SCV x2  
  100  8:18  SCV  
  106  8:26  Marine x2  
  107  8:27  Siege Tank  
  107  8:29  SCV  
  107  8:32  SCV  
  113  8:34  SCV  
  113  8:41  SCV  
  115  8:44  SCV  
  115  8:45  Marine  
  117  8:52  Supply Depot  
  117  9:03  Marine  
  117  9:05  Marine, SCV  
  117  9:06  Marine, SCV  
  117  9:07  Marine  
  115  9:16  Orbital Command  
  85  9:24  Marine  
  85  9:25  Marine x5  
  85  9:26  Siege Tank, Medivac x2  
  85  9:27  Marine  
  83  9:34  Marine x2  
  85  9:42  Marine  
  85  9:43  Marine x2  
  85  9:44  Marine x2  
  90  9:45  Marine  
  90  9:46  Marine  
  90  9:47  Orbital Command  
  90  9:52  Marine  
  75  9:53  Marine  
  75  9:59  Marine  
  74  10:00  Marine  
  74  10:01  Marine x2  
  74  10:02  Marine  
  74  10:03  Marine, Siege Tank  
  83  10:09  SCV  
  83  10:12  SCV  
  83  10:13  SCV  
  82  10:21  Marine, SCV  
  82  10:24  SCV  
  82  10:25  SCV  
Show
View Real Time Build Order
Export as new Build Order

Zanster Zerg - Winner!

Build Orders: Hatch First, Muta Ling Bane 

Get SALT Encoding   

  12  0:00  Drone  
  13  0:12  Overlord  
  13  0:17  Drone  
  14  0:30  Drone x2  
  16  0:48  Hatchery  
  15  0:51  Drone  
  15  0:55  Drone  
  17  0:58  Drone  
  18  1:08  Extractor  
  17  1:14  Spawning Pool  
  17  1:17  Drone  
  17  1:20  Drone  
  18  1:29  Drone  
  19  1:39  Drone  
  20  1:50  Drone  
  21  2:00  Queen x2  
  25  2:01  Zergling x4  
  27  2:10  Overlord  
  27  2:11  Drone  
  27  2:12  Metabolic Boost  
  28  2:29  Drone x2  
  30  2:32  Drone  
  30  2:34  Drone  
  30  2:36  Queen  
  34  2:43  Queen  
  36  2:44  Overlord  
  36  2:55  Overlord  
  36  3:02  Drone x2  
  36  3:04  Drone  
  40  3:05  Drone  
  40  3:08  Drone  
  40  3:09  Drone x2  
  43  3:21  Hatchery  
  43  3:22  Drone  
  43  3:23  Drone x2  
  45  3:28  Drone x2  
  45  3:33  Overlord  
  47  3:38  Lair  
  47  3:41  Extractor  
  47  3:42  Extractor  
  47  3:45  Drone x2  
  47  3:47  Queen  
  49  3:51  Drone x2  
  49  3:54  Drone  
  52  3:56  Overlord  
  52  4:00  Drone  
  52  4:01  Drone x2  
  55  4:04  Drone  
  56  4:11  Zergling x4  
  58  4:18  Overlord  
  58  4:21  Drone  
  58  4:22  Drone x3  
  62  4:27  Overlord  
  62  4:30  Zergling x4  
  66  4:33  Overlord  
  66  4:35  Drone  
  67  4:43  Spire  
  66  4:46  Drone x4  
  66  4:52  Drone x4  
  73  4:54  Drone  
  73  4:55  Extractor  
  73  4:56  Extractor  
  73  4:58  Drone  
  71  5:04  Drone  
  71  5:06  Overlord  
  73  5:07  Drone  
  73  5:08  Drone  
  73  5:10  Drone  
  73  5:12  Drone  
  76  5:14  Hatchery  
  76  5:18  Drone x3  
  76  5:19  Drone  
  79  5:25  Overlord  
  79  5:31  Evolution Chamber x2  
  79  5:34  Overlord  
  77  5:40  Overlord  
  77  5:44  Drone x2  
  77  5:49  Overlord  
  79  5:56  Mutalisk  
  79  5:57  Mutalisk x8  
  78  5:58  Baneling Nest  
  95  6:05  Zergling x6  
  95  6:11  Zergling x2  
  95  6:15  Zergling x10  
  95  6:16  Zergling x2  
  95  6:17  Zergling x2  
  95  6:18  Zergling x2  
  104  6:22  Overlord  
  104  6:27  Hatchery  
  104  6:30  Zergling x6  
  106  6:34  Overlord  
  106  6:39  Zerg Ground Armor Level 1, Zerg Melee Weapons Level 1  
  106  6:41  Baneling x9  
  106  6:42  Centrifical Hooks  
  106  6:48  Zergling x14  
  112  7:05  Zergling x16  
  106  7:11  Mutalisk x4  
  106  7:13  Baneling  
  106  7:14  Baneling  
  110  7:20  Zergling x12  
  112  7:29  Queen  
  108  7:30  Zergling x4  
  108  7:36  Baneling x8  
  110  7:38  Zergling x6  
  112  7:46  Zergling x14  
  112  7:48  Baneling x3  
  116  7:51  Mutalisk x2  
  116  7:54  Zergling x8  
  124  8:04  Overlord  
  117  8:07  Zergling x10  
  117  8:08  Baneling x2  
  122  8:15  Zergling x14  
  122  8:19  Zergling x6  
  132  8:24  Hatchery  
  131  8:31  Baneling x7  
  131  8:33  Mutalisk x2  
  139  8:36  Zergling x2  
  139  8:37  Zergling x6  
  139  8:41  Zergling x10  
  144  8:49  Zergling x12  
  150  8:57  Zergling x10  
  150  9:00  Overlord  
  155  9:15  Mutalisk x4  
  158  9:18  Zergling x2  
  158  9:19  Zergling x6  
  153  9:31  Drone x9  
  160  9:32  Drone  
  160  9:37  Drone x4  
  143  9:55  Zergling x16  
  151  10:07  Zergling x2  
  151  10:08  Zergling x12  
  157  10:14  Overlord, Infestation Pit  
  155  10:24  Baneling  
  155  10:25  Baneling x5  
Tags
 
Add a new tag
Caveats
  • Supply blocks, unpowered buildings, or Contaminate may cause inaccurate times.
  • Supply counts are checked every 10 seconds.